 Dungeon Crawl Stone Soup version 0.20-a0-642-g4ff03ff (webtiles) character file.

1493 Jackolantern the Shield-Bearer (level 8, -4/73 HPs)
             Began as a Deep Dwarf Fighter on Feb 14, 2017.
             Was a Priest of Elyvilon.
             Slain by Dharzhak's ghost (19 damage)
             ... on level 6 of the Dungeon.
             The game lasted 00:16:01 (4160 turns).

Jackolantern the Shield-Bearer (Deep Dwarf Fighter) Turns: 4160, Time: 00:16:02

Health: -4/73      AC: 12    Str: 26    XL:     8   Next: 51%
Magic:  8/8        EV: 10    Int:  8    God:    Elyvilon [***...]
Gold:   237        SH: 11    Dex: 12    Spells: 7/7 levels left

rFire    x . .     SeeInvis .   t - +1 short sword (freeze)
rCold    + . .     Gourm    .   e - +0 scale mail
rNeg     . . .     Faith    .   c - +0 shield
rPois    .         Spirit   .   (no helmet)
rElec    .         Reflect  .   i - +0 cloak
rCorr    .         Harm     .   (no gloves)
MR       +....                  (no boots)
Stlth    +.........             (no amulet)
Regen    0.0/turn               r - ring of ice
MPRegen  0.2/turn               o - +3 ring of strength

@: non-regenerating
A: damage resistance, heal wounds, iridescent scales 1, slimy green scales 1,
camouflage 1, sense surroundings 1, slow regeneration 3
a: Heal Wounds, Lesser Healing, Heal Other, Purification, Divine Protection,
Renounce Religion


You were on level 6 of the Dungeon.
You worshipped Elyvilon.
Elyvilon was most pleased with you.
You were hungry.

You visited 2 branches of the dungeon, and saw 7 of its levels.
You also visited: Sewer.

You collected 237 gold pieces.

Inventory:

Hand Weapons
 a - a +0 long sword
 t - a +1 short sword of freezing (weapon)
 z - a +1 arbalest of velocity
Armour
 c - a +0 shield (worn)
 e - a +0 scale mail (worn)
 i - a +0 cloak (worn)
Jewellery
 o - a +3 ring of strength (left hand)
 r - a ring of ice (right hand)
Wands
 j - a wand of iceblast (8/15)
 m - a wand of confusion (29/48)
 p - a wand of digging (14/24)
Scrolls
 k - a scroll of blinking {unknown}
 n - 3 scrolls of identify
 q - a scroll of recharging
 s - a scroll of fog {unknown}
 y - a scroll of teleportation {unknown}
 C - a scroll of summoning {unknown}
 D - a scroll of acquirement {unknown}
Potions
 b - a potion of curing
 d - a potion of might
 g - 3 potions of degeneration
 h - a potion of lignification {unknown}
 u - a potion of brilliance
 v - a potion of cancellation {unknown}
 w - a potion of heal wounds
 x - a potion of resistance {unknown}
 A - a potion of berserk rage {unknown}
Comestibles
 f - 6 bread rations
 l - 2 meat rations
 B - a royal jelly


   Skills:
 + Level 4.5 Fighting
 + Level 3.6(4.5) Short Blades
 + Level 4.3(5.1) Long Blades
 + Level 5.7 Armour
 + Level 4.0 Dodging
 + Level 0.3 Stealth
 + Level 6.6 Shields
 + Level 0.3 Invocations


You had 7 spell levels left.
You didn't know any spells.

Dungeon Overview and Level Annotations

Branches:
Dungeon (6/15)             Temple (1/1) D:5

Altars:
Cheibriados
Dithmenos
Elyvilon
Gozag
Hepliaklqana
Kikubaaqudgha
Nemelex Xobeh
Qazlal
Ru
Uskayaw
Xom
Yredelemnul
The Shining One

Annotations:
D:6 Dharzhak's ghost, novice TrMo


Innate Abilities, Weirdness & Mutations

You are resistant to damage.
You can heal yourself by infusing magical energy.
You passively map a small area around you.
You do not regenerate.
You are partially covered in iridescent scales. (AC +2)
You are partially covered in slimy green scales. (AC +2)
Your skin changes colour to match your surroundings (Stealth+).


Message History

You hit Dharzhak's ghost. You freeze Dharzhak's ghost.
Dharzhak's ghost is almost destroyed.
Dharzhak's ghost completely misses you.
You miss Dharzhak's ghost.
Dharzhak's ghost is almost destroyed.
Dharzhak's ghost hits you.
Unknown command.
You hit Dharzhak's ghost but do no damage.
Dharzhak's ghost is almost destroyed.
You closely miss Dharzhak's ghost.
Dharzhak's ghost is almost destroyed.
Dharzhak's ghost hits you!!
You hit Dharzhak's ghost but do no damage.
Dharzhak's ghost is almost destroyed.
Dharzhak's ghost hits you!
* * * LOW HITPOINT WARNING * * *
You hit Dharzhak's ghost. You freeze Dharzhak's ghost.
Dharzhak's ghost is almost destroyed.
Dharzhak's ghost hits you!!
You die...

* ,
##########
#<=.......,
#.@.......
#..W......
,
#.........
#.........
##########
* , ,


You could see Dharzhak's ghost.

Vanquished Creatures
  Pikel (D:4)
  Grinder (D:4)
  Eustachio (D:4)
  Purgy (Sewer)
  A phantom (D:4)
  2 ogres
  2 jellies (D:5)
  An orc wizard (D:3)
  Jessica (D:3)
  Ijyb (D:2)
  Terence (D:2)
  An iguana (D:4)
  A worker ant (D:4)
  4 adders
  An ooze (D:1)
  4 leopard geckos
  5 orcs
  8 bats
  8 giant cockroaches
  11 goblins
  4 hobgoblins
  2 jackals (D:4)
  3 quokkas
  4 ball pythons
  4 frilled lizards
  6 kobolds
  10 rats
89 creatures vanquished.

Vanquished Creatures (others)
  3 jackals (D:4)
3 creatures vanquished.

Grand Total: 92 creatures vanquished

Notes
Turn   | Place    | Note
-------+----------+-------------------------------------------
     0 | D:1      | Jackolantern the Deep Dwarf Fighter began the quest for the Orb.
     0 | D:1      | Reached XP level 1. HP: 20/20 MP: 1/1
   134 | D:1      | Reached XP level 2. HP: 27/27 MP: 2/2
   543 | D:1      | Reached XP level 3. HP: 31/34 MP: 3/3
   571 | D:2      | Noticed Terence
   580 | D:2      | Killed Terence
   610 | D:2      | Reached skill level 1 in Dodging
   678 | D:2      | Noticed Ijyb
   697 | D:2      | Killed Ijyb
   697 | D:2      | Reached skill level 4 in Shields
   697 | D:2      | Reached XP level 4. HP: 26/42 MP: 4/4
  1376 | D:3      | Found a white marble altar of Elyvilon.
  1392 | D:3      | Became a worshipper of Elyvilon the Healer
  1565 | D:3      | Noticed Jessica
  1583 | D:3      | Killed Jessica
  1583 | D:3      | Reached XP level 5. HP: 20/49 MP: 5/5
  1870 | D:3      | Gained mutation: You are partially covered in iridescent scales. (AC +2) [potion of mutation]
  1870 | D:3      | Gained mutation: You are partially covered in slimy green scales. (AC +2) [potion of mutation]
  1870 | D:3      | Gained mutation: Your skin changes colour to match your surroundings (Stealth+). [potion of mutation]
  2026 | D:4      | Noticed Pikel
  2026 | D:4      | Noticed a slave
  2026 | D:4      | Noticed a slave
  2026 | D:4      | Noticed a slave
  2026 | D:4      | Noticed a slave
  2085 | D:4      | Killed Pikel
  2085 | D:4      | Reached skill level 1 in Short Blades
  2085 | D:4      | Reached skill level 5 in Shields
  2085 | D:4      | Reached XP level 6. HP: 16/57 MP: 6/6
  2085 | D:4      | Reached XP level 7. HP: 18/64 MP: 7/7
  2177 | D:4      | Noticed Eustachio
  2180 | D:4      | Reached * piety under Elyvilon
  2189 | D:4      | Noticed Grinder
  2200 | D:4      | Paralysed by Grinder for 6 turns
  2252 | D:4      | Paralysed by Grinder for 7 turns
  2276 | D:4      | Paralysed by Grinder for 3 turns
  2287 | D:4      | Paralysed by Grinder for 6 turns
  2295 | D:4      | Killed Grinder
  2295 | D:4      | Reached skill level 5 in Armour
  2352 | D:4      | Killed Eustachio
  2352 | D:4      | Reached XP level 8. HP: 47/73 MP: 8/8
  2389 | D:4      | Reached skill level 6 in Shields
  2997 | D:5      | Entered Level 5 of the Dungeon
  3014 | D:5      | Found a staircase to the Ecumenical Temple.
  3019 | Temple   | Entered the Ecumenical Temple
  3064 | Temple   | Reached ** piety under Elyvilon
  3504 | D:5      | Found a glowing drain.
  3545 | Sewer    | Entered a sewer
  3600 | Sewer    | Noticed Purgy
  3624 | Sewer    | Killed Purgy
  3762 | D:5      | Reached *** piety under Elyvilon
  4114 | D:6      | Noticed Dharzhak's ghost (novice TrMo)
  4160 | D:6      | Slain by Dharzhak's ghost

Vault maps used:
D:1:      matt_arrival_spirals, serial_bayou_ford_a
D:2:      first_bread, uniq_iyjb, uniq_terence
D:3:      elyvilon_altar_3, uniq_jessica
D:4:      uniq_pikel, uniq_grinder, uniq_eustachio
D:5:      temple_doors_e, portal_sewer_entry_c
D:6:      trog_ov_bears_minmay, overflow_temple_1_default
Temple:   nicolae_temple_hex_pool
Sewer:    sewer_big_baddie

Skill      XL: |  1  2  3  4  5  6  7  8 |
---------------+-------------------------+-----
Fighting       | 3 4 |  4.5
Dodging        | 1 2 3 4 |  4.0
Long Blades    | 3 4 |  4.3
Shields        | 4 5 6 |  6.6
Short Blades   | 1 2 3 |  3.6
Armour         | 4 5 |  5.7
Stealth        | |  0.3
Invocations    | |  0.3

Action                   |  1- 3 |  4- 6 |  7- 9 || total
-------------------------+-------+-------+-------++-------
Melee: Long sword        |   104 |    73 |       ||   177
       Short sword       |       |    67 |   298 ||   365
Invok: Heal Other        |       |       |     1 ||     1
 Abil: Heal Wounds       |       |     3 |    11 ||    14
  Use: Potion            |       |     3 |     1 ||     4
       Scroll            |       |       |     6 ||     6
  Eat: Chunk             |       |     4 |     2 ||     6
       Meat ration       |       |       |     1 ||     1
Armor: Scale mail        |    80 |    85 |   133 ||   298
Dodge: Dodged            |    51 |    50 |   113 ||   214
Block: Shield            |    81 |    97 |   181 ||   359
       Rpst.: Long sword |    20 |     8 |       ||    28
